 Dungeon Crawl Stone Soup version 0.29.1-12-g30fa7ad0bf (webtiles) character file.

Game seed: 13990567717805505895

998 safid the Shooter (level 8, -3/73 HPs)
             Began as a Minotaur Hunter on Dec 13, 2022.
             Slain by an ice beast (13 damage)
             ... on level 5 of the Dungeon.
             The game lasted 00:09:09 (4655 turns).

safid the Shooter (Minotaur Hunter)                 Turns: 4655, Time: 00:09:10

Health: -3/73      AC:  8    Str: 16    XL:     8   Next: 0%
Magic:  7/7        EV: 11    Int:  6    God:
Gold:   282        SH:  0    Dex: 16    Spells: 7/7 levels left

rFire   . . .      SeeInvis .   a - +0 shortbow
rCold   . . .      Faith    .   (shield currently unavailable)
rNeg    . . .      Spirit   .   x - +0 scale mail
rPois   .          Reflect  .   (helmet restricted)
rElec   .          Harm     .   d - +0 cloak
rCorr   .          Rampage  .   o - +0 pair of gloves
Will    .....                   (no boots)
Stlth   +.........              (no amulet)
HPRegen 0.22/turn               (no ring)
MPRegen 0.10/turn               (no ring)

@: no status effects
A: horns 2, retaliatory headbutt
a: no special abilities


You were on level 5 of the Dungeon.
You visited 1 branch of the dungeon, and saw 5 of its levels.
You also visited: Sewer.

You collected 282 gold pieces.

Inventory:

Hand Weapons
 a - a +0 shortbow (weapon)
Missiles
 e - 6 javelins
Armour
 d - a +0 cloak (worn)
 o - a +0 pair of gloves (worn)
 x - a +0 scale mail (worn)
Wands
 b - a wand of iceblast (8)
 n - a wand of polymorph (14)
 v - a wand of charming (7)
Scrolls
 f - 3 scrolls of teleportation {unknown}
 h - 5 scrolls of fear {unknown}
 j - 3 scrolls of identify {unknown}
 q - a scroll of summoning {unknown}
 r - a scroll of poison {unknown}
 t - a scroll of magic mapping {unknown}
Potions
 g - a potion of mutation {unknown}
 i - 3 potions of curing
 k - a potion of haste
 m - a potion of heal wounds {unknown}
 p - 2 potions of berserk rage {unknown}
 s - 2 potions of brilliance {unknown}
 u - a potion of invisibility {unknown}


   Skills:
 + Level 7.2 Fighting
 + Level 7.7 Ranged Weapons
 - Level 4.0 Dodging
 - Level 2.7 Stealth


You had 7 spell levels left.
You didn't know any spells.
Your spell library contained the following spells:

 Spells                   Type           Power      Damage    Failure   Level
 Apportation              Tloc           0%         N/A       88%         1
 Alistair's Intoxication  Tmut/Pois      0%         N/A       100%        5


Dungeon Overview and Level Annotations

Branches:
Dungeon (5/15)             Temple (0/1) D:4           Sewer (visited)

Altars:
Fedhas
Kikubaaqudgha
Makhleb


Innate Abilities, Weirdness & Mutations

You have a pair of horns on your head.
You reflexively headbutt those who attack you in melee.


Message History

Fire: a) +0 shortbow
Press: ? - help, Q - select action, (/) - cycle Shift-Dir - straight line, f/p - scorpion
Aim: a scorpion (severely wounded, 65% to hit)
You shoot an arrow. The arrow hits the scorpion.
The scorpion is almost dead.
The scorpion stings you but does no damage.
Unknown command.
Fire: a) +0 shortbow
Press: ? - help, Q - select action, (/) - cycle Shift-Dir - straight line, f/p - scorpion
Aim: a scorpion (almost dead, 65% to hit)
You shoot an arrow. The arrow hits the scorpion.
You kill the scorpion!
You have reached level 8!
You feel agile.
Fire: a) +0 shortbow
Press: ? - help, Q - select action, (/) - cycle Shift-Dir - straight line, f - ice beast
Aim: an ice beast (66% to hit)
You shoot an arrow.
The arrow hits the ice beast but does no damage.
You feel less wooden.
Your +0 cloak unmelds from your body.
Your +0 pair of gloves unmelds from your body.
Your +0 scale mail unmelds from your body.
The ice beast closely misses you.
Fire: a) +0 shortbow
Press: ? - help, Q - select action, (/) - cycle Shift-Dir - straight line, f/p - ice beast
Aim: an ice beast (66% to hit)
You shoot an arrow.
The arrow hits the ice beast but does no damage.
The ice beast barely misses you.
Unknown command.
Fire: a) +0 shortbow
Press: ? - help, Q - select action, (/) - cycle Shift-Dir - straight line, f/p - ice beast
Aim: an ice beast (66% to hit)
You shoot an arrow. The arrow hits the ice beast!
The ice beast is moderately wounded.
The ice beast completely misses you. The ice beast hits you.
* * * LOW HITPOINT WARNING * * *
The ice beast freezes you!
You die...

#..... #..... #.<..# ###
#.#.#. ..# #.#.#. #.#
#.#.#. #.# #.#).. #.##
#.#... ##@# #.##.. ##Y##
#.###.
##.)############.###.
>.#.#)...................
......?.####.###.######..
...).[.....).....# #.#
#...#.##$####.##..# ###.#
....#. ?). #.##..# #...#
... #. ... ..##..# #...#


You could see an ice beast.

Vanquished Creatures
  Pargi (Sewer)
  2 ogres
  A centaur (D:5)
  A phantom (D:4)
  A necrophage (D:5)
  A scorpion (D:5)
  An orc priest (D:5)
  A hound (D:4)
  2 iguanas (D:5)
  5 orc wizards (D:5)
  9 adders
  A river rat (D:3)
  5 worms
  17 orcs
  4 ball pythons
  5 bats
  6 endoplasms
  2 giant cockroaches
  6 goblins
  9 hobgoblins
  2 jackals (D:4)
  5 quokkas
  6 frilled lizards
  15 kobolds
  9 rats
117 creatures vanquished.

Vanquished Creatures (others)
  An orc wizard (D:5)
1 creature vanquished.

Grand Total: 118 creatures vanquished

Notes
Turn   | Place    | Note
-------+----------+-------------------------------------------
     0 | D:1      | safid the Minotaur Hunter began the quest for the Orb.
     0 | D:1      | Reached XP level 1. HP: 18/18 MP: 0/0
   125 | D:1      | Reached skill level 1 in Stealth
   190 | D:1      | Reached XP level 2. HP: 25/25 MP: 1/1
   591 | D:2      | Reached XP level 3. HP: 31/31 MP: 2/2
   593 | D:2      | Found a blossoming altar of Fedhas.
   944 | D:2      | Reached XP level 4. HP: 38/38 MP: 3/3
  1378 | D:2      | Found a faded altar of an unknown god.
  1447 | D:3      | Reached skill level 5 in Ranged Weapons
  1605 | D:3      | Found a glowing drain.
  1720 | Sewer    | Entered a sewer
  1794 | Sewer    | Noticed Pargi
  1809 | Sewer    | Killed Pargi
  1810 | Sewer    | Reached XP level 5. HP: 24/46 MP: 4/4
  2465 | D:4      | Noticed a phantom
  2481 | D:4      | Killed a phantom
  2482 | D:4      | Reached XP level 6. HP: 36/53 MP: 5/5
  2715 | D:4      | Found an ancient bone altar of Kikubaaqudgha.
  2907 | D:4      | Found a burning altar of Makhleb.
  3010 | D:4      | Reached skill level 5 in Fighting
  3162 | D:4      | Found a staircase to the Ecumenical Temple.
  3737 | D:5      | Entered Level 5 of the Dungeon
  3782 | D:5      | Reached XP level 7. HP: 49/61 MP: 6/6
  4653 | D:5      | Reached XP level 8. HP: 16/73 MP: 7/7
  4655 | D:5      | Slain by an ice beast

Illustrated notes

Levels and vault maps discovered:
D:1:      minmay_arrival_doors, layout_basic, st_stairs_8
D:2:      layout_loops_ring, basic_altar, hellmonk_ecumenical_altar_prayer_group
D:3:      layout_rooms, portal_sewer_entry_b
D:4:      layout_loops_corners, kiku_gazebo_pond_becter,
          mainiacjoe_overflow_small_starburst, minmay_temple_entry_from_below_a
D:5:      layout_loops_ring, minmay_circle_x

Skill      XL: |  1  2  3  4  5  6  7 |
---------------+----------------------+-----
Stealth        | 1 2 |  2.7
Fighting       | 3 4 5 7 |  7.2
Dodging        | 3 4 |  4.0
Ranged Weapons | 5 6 7 |  7.7

Action                   |  1- 3 |  4- 6 |  7- 9 || total
-------------------------+-------+-------+-------++-------
Melee: Shortbow          |       |       |     2 ||     2
       Headbutt          |       |       |     1 ||     1
 Fire: Shortbow          |   116 |   204 |   104 ||   424
  Use: Potion            |       |     3 |     3 ||     6
Armor: Leather armour    |    14 |    24 |       ||    38
       Skin              |       |    16 |    14 ||    30
       Scale mail        |       |    16 |    45 ||    61
Dodge: Dodged            |    33 |    64 |    46 ||   143
